 Dungeon Crawl Stone Soup version 0.28.0-53-g5a82cb258f (webtiles) character file.

Game seed: 13371117228840704535

3 Plasmagod the Magician (level 1, 0/15 HPs)
             Began as a Djinni Hedge Wizard on July 18, 2022.
             Frozen to death by an endoplasm (1 damage)
             ... on level 1 of the Dungeon.
             The game lasted 00:00:25 (33 turns).

Plasmagod the Magician (Djinni Hedge Wizard)          Turns: 33, Time: 00:00:26

Health: 0/15       AC:  2    Str:  9    XL:     1   Next: 55%
Gold:   0          EV: 12    Int: 15    God:
                   SH:  0    Dex: 12

rFire   + + .      SeeInvis .   a - +0 dagger
rCold   x . .      Faith    .   (no shield)
rNeg    . . .      Spirit   .   b - +0 robe
rPois   ∞          Reflect  .   c - +0 hat
rElec   .          Harm     .   (no cloak)
rCorr   .          Rampage  .   (no gloves)
Will    .....                   (boots unavailable)
Stlth   ++........              (no amulet)
HPRegen 0.05/turn               (no ring)
MPRegen 0.00/turn               (no ring)

@: flying, very slightly contaminated
A: sickness immunity, fire resistance 2, cold vulnerability 1, float, innate
caster, HP casting, extra vitality 1
a: no special abilities


You were on level 1 of the Dungeon.
You visited 1 branch of the dungeon, and saw 1 of its levels.

Inventory:

Hand Weapons
 a - a +0 dagger (weapon)
Armour
 b - a +0 robe (worn)
 c - a +0 hat (worn)


   Skills:
 + Level 2.2 Dodging
 + Level 1.6 Stealth
 + Level 2.5 Spellcasting


You couldn't memorise any spells.
You knew the following spells:

 Your Spells              Type           Power      Damage    Failure   Level
a - Magic Dart            Conj           36%        1d4       8%          1
b - Blink                 Tloc           18%        N/A       11%         2
c - Call Imp              Summ           9%         N/A       11%         2
d - Slow                  Hex            36%        N/A       8%          1
e - Conjure Flame         Conj/Fire      9%         6-21      22%         3
f - Mephitic Cloud        Conj/Pois/Air  9%         N/A       22%         3
Your spell library was empty.

Dungeon Overview and Level Annotations

Branches:
Dungeon (1/15)

Altars:


Innate Abilities, Weirdness & Mutations

You are immune to sickness and miasma.
You are immune to poison.
Your flesh is very heat resistant. (rF++)
You are vulnerable to cold. (rC-)
You float through the air rather than walking.
You learn spells naturally, not from books.
Your magical power is your life essence.
You have superior vitality. (+4 MHP)


Message History

Aiming: Magic Dart (safe; 8% risk of failure)
Press: ? - help, Q - select action, (/) - cycle Shift-Dir - straight line, f - rat
Aim: a rat (100% to hit)
You miscast Magic Dart.
You are very lightly contaminated with residual magic.
Nothing appears to happen.
* * * LOW HITPOINT WARNING * * *
A nearby demonic plant withers and dies.
The rat closely misses you.
Aiming: Magic Dart (safe; 8% risk of failure)
Press: ? - help, Q - select action, (/) - cycle Shift-Dir - straight line, f/p - rat
Aim: a rat (100% to hit)
The magic dart hits the rat.
You kill the rat!
* * * LOW HITPOINT WARNING * * *
Aiming: Magic Dart (safe; 8% risk of failure)
Press: ? - help, Q - select action, (/) - cycle Shift-Dir - straight line, f - you That beam is likely to hit you.
Continue anyway?
Okay, then.
Aiming: Magic Dart (safe; 8% risk of failure)
Press: ? - help, Q - select action, (/) - cycle Shift-Dir - straight line, f - you
Okay, then.
Aiming: Magic Dart (safe; 8% risk of failure)
Press: ? - help, Q - select action, (/) - cycle Shift-Dir - straight line, f - endoplasm
Aim: an endoplasm (100% to hit)
You miscast Magic Dart.
Nothing appears to happen.
* * * LOW HITPOINT WARNING * * *
Aiming: Magic Dart (safe; 8% risk of failure)
Press: ? - help, Q - select action, (/) - cycle Shift-Dir - straight line, f/p - endoplasm
Aim: an endoplasm (100% to hit)
The magic dart hits the endoplasm.
The endoplasm is severely wounded.
* * * LOW HITPOINT WARNING * * *
You don't have enough health to cast this spell.
You don't have enough health to cast this spell.
You hit the endoplasm.
The endoplasm is almost dead.
The endoplasm freezes you.
You are frozen.
You die... ...#.......##.. ..#...P..P..# ._.........# #.PP..Pr.. #P......# #PPP..PP#

#P.P.###
######J.#
#.####.....@.#
#......####..#
#.####.# #..#
####'####..#
#.......#...
#.8.8.8.#..#.
#.......#.>...
+.8.<.8.+.##
## #.......#


You could see an endoplasm.

Vanquished Creatures
  An endoplasm (D:1)
  A hobgoblin (D:1)
  A rat (D:1)
3 creatures vanquished.

Vanquished Creatures (others)
  A demonic plant (D:1)
  A withered plant (D:1)
2 creatures vanquished.

Grand Total: 5 creatures vanquished

Notes
Turn   | Place    | Note
-------+----------+-------------------------------------------
     0 | D:1      | Plasmagod the Djinni Hedge Wizard began the quest for the
                  | Orb.
     0 | D:1      | Reached XP level 1. HP: 15/15 MP: 0/0
    12 | D:1      | Found a faded altar of an unknown god.
    33 | D:1      | Frozen to death by an endoplasm

Illustrated notes

Levels and vault maps discovered:
D:1:      doesnt_arrival_eight_statues, layout_basic,
          shapermc_ecumenical_altar_gd

Action                   || total
-------------------------++-------
Melee: Dagger            ||     1
 Cast: Magic Dart        ||    12
Armor: Robe              ||     1
Dodge: Dodged            ||     4
